 Dungeon Sprint DCSS version 0.28.0-53-g5a82cb258f (webtiles) character file.

Game seed: 14718296692490048328

1800000 Zeld the Intangible (level 17, -1/157 HPs)
             Began as a Djinni Monk on June 5, 2022.
             Was a High Priest of Makhleb.
             Slain by a meat berserker
             ... wielding a +9 battleaxe
              (45 damage)
             ... in the Dungeon (Sprint VIII: "Arena of Blood").
             The game lasted 00:00:39 (18 turns).

Zeld the Intangible (Djinni Monk)                     Turns: 18, Time: 00:00:39

Health: -1/157     AC:  2    Str: 16    XL:     17   Next: 6%
Gold:   0          EV: 27    Int: 15    God:    Makhleb [*****.] SH:  0 Dex: 15

rFire   + + .      SeeInvis .   g - +∞ Axe of Woe
rCold   x . .      Faith    .   (shield currently unavailable)
rNeg    . . .      Spirit   .   a - +0 robe
rPois   ∞          Reflect  .   (no helmet)
rElec   .          Harm     .   (no cloak)
rCorr   .          Rampage  .   (no gloves)
Will    +....      NoTele   +   (boots unavailable)
Stlth   ++++......              (no amulet)
HPRegen 0.36/turn               (no ring)
MPRegen 0.00/turn               (no ring)

@: flying
A: sickness immunity, fire resistance 2, cold vulnerability 1, float, innate
caster, HP casting, extra vitality 1, deterioration 1
a: Renounce Religion, Minor Destruction, Lesser Servant of Makhleb, Major
Destruction, Greater Servant of Makhleb


You were in the Dungeon.
You worshipped Makhleb.
Makhleb was extremely pleased with you.
You visited 1 branch

Inventory:

Hand Weapons
 g - the +∞ Axe of Woe (weapon)
   (You found it in the Dungeon)
Armour
 a - a +0 robe (worn)
Scrolls
 f - a scroll of blinking
Potions
 b - a potion of curing
 c - a potion of heal wounds
 d - a potion of haste
 e - a potion of berserk rage


   Skills:
 + Level 25.8 Fighting
 * Level 17.8 Axes
 O Level 27 Dodging
 - Level 7.1 Stealth
 - Level 3.0 Unarmed Combat
 * Level 14.9 Spellcasting
 * Level 19.0 Invocations


You had 15 spell levels left.
You knew the following spells:

 Your Spells              Type           Power      Damage    Failure   Level
a - Sting                 Tmut/Pois      100%       1d8       0%          1
b - Passwall              Tmut/Erth      45%        N/A       1%          2
c - Corpse Rot            Necr/Air       100%       N/A       1%          2
d - Ice Form              Ice/Tmut       54%        N/A       1%          4
e - Olgreb's Toxic Radia  Pois           54%        N/A       1%          4
f - Yara's Violent Unrav  Hex/Tmut       27%        3d12      1%          5
g - Summon Cactus Giant   Summ           27%        N/A       1%          6
h - Simulacrum            Ice/Necr       27%        N/A       1%          6
Your spell library was empty.

Dungeon Overview and Level Annotations

Branches:
Dungeon (1/1)

Altars:
Makhleb


Innate Abilities, Weirdness & Mutations

You are immune to sickness and miasma.
You are immune to poison.
Your flesh is very heat resistant. (rF++)
You are vulnerable to cold. (rC-)
You float through the air rather than walking.
You learn spells naturally, not from books.
Your magical power is your life essence.
You have superior vitality. (+4 MHP)
Your body sometimes deteriorates upon taking damage.


Message History

You hear a shout! x11
Casting: Olgreb's Toxic Radiance (safe; 1% risk of failure)
Confirm with . or Enter, or press ? or * to list all spells.
You don't know that spell.
Unknown command.
Casting: Olgreb's Toxic Radiance (safe; 1% risk of failure)
Confirm with . or Enter, or press ? or * to list all spells.
Aiming: Yara's Violent Unravelling (mildly dangerous; 1% risk of failure)
Press: ? - help, Dir - move target, f - you The unravelling is likely to hit you.
Continue anyway?
Okay, then.
Unknown command.
Casting: Yara's Violent Unravelling (mildly dangerous; 1% risk of failure)
Confirm with . or Enter, or press ? or * to list all spells.
Aiming: Yara's Violent Unravelling (mildly dangerous; 1% risk of failure)
Press: ? - help, Dir - move target, f - you The unravelling is likely to hit you.
Continue anyway?
Your magical effects are unravelling.
The enchantments explode!
The unravelling engulfs you!!
Strange energies course through your body.
You feel yourself wasting away.
The bag of meat twists and deforms.
The unravelling engulfs the bag of meat!!
The bag of meat is lightly wounded.
The meat berserker twists and deforms.
The unravelling engulfs the meat berserker!!
The meat berserker is lightly wounded.
The bag of meat twists and deforms.
The unravelling engulfs the bag of meat!!
The bag of meat is lightly wounded.
The bag of meat is poisoned.
The meat berserker looks even sicker.
Your toxic aura wanes.
You hear a shout! x2
The meat berserker hits you with a +9 battleaxe!!!
You hear a shout! x3
The bag of meat hits you with a +9 war axe!!!
* * * LOW HITPOINT WARNING * * *
You hear a shout! x9
The meat berserker hits you with a +9 battleaxe!!!
You die...

.. .. o. .. #..
..# #.. ..#
.###.. ..###.
.....O###......
......._O......
#..@.o# .
#_.oo_# .
....#..oo.#....
......)_)......
......###......
.###.. ..###.
#.. ..# #.. ..#
.. ..


You could see 2 meat berserkers and 6 bags of meat.

Vanquished Creatures
  4 ogres (D)
  8 orcs (D)
12 creatures vanquished.

Notes
Turn   | Place    | Note
-------+----------+-------------------------------------------
     0 | D        | Found the +∞ Axe of Woe
     0 | D        | Zeld the Djinni Monk began the quest for the Orb.
     0 | D        | Reached XP level 1. HP: 20/20 MP: 0/0
     0 | D        | Noticed a meat berserker
     2 | D        | Noticed a bag of meat
     2 | D        | Noticed a bag of meat
     2 | D        | Noticed a bag of meat
     3 | D        | Killed a bag of meat
     3 | D        | Noticed a bag of meat
     3 | D        | Noticed a bag of meat
     3 | D        | Noticed a bag of meat
     3 | D        | Noticed a bag of meat
     4 | D        | Reached skill level 18 in Dodging
     4 | D        | Reached XP level 2. HP: 47/47 MP: 0/0
     4 | D        | Reached XP level 3. HP: 52/52 MP: 0/0
     4 | D        | Learned a level 1 spell: Sting
     4 | D        | Reached XP level 4. HP: 59/59 MP: 0/0
     4 | D        | Reached XP level 5. HP: 65/65 MP: 0/0
     4 | D        | Learned a level 2 spell: Passwall
     4 | D        | Reached XP level 6. HP: 71/71 MP: 0/0
     4 | D        | Reached XP level 7. HP: 76/76 MP: 0/0
     4 | D        | Learned a level 2 spell: Corpse Rot
     4 | D        | Reached XP level 8. HP: 84/84 MP: 0/0
     4 | D        | Reached XP level 9. HP: 89/89 MP: 0/0
     4 | D        | Learned a level 4 spell: Ice Form
     4 | D        | Reached XP level 10. HP: 95/95 MP: 0/0
     4 | D        | Reached XP level 11. HP: 101/101 MP: 0/0
     4 | D        | Learned a level 4 spell: Olgreb's Toxic Radiance
     5 | D        | Became a worshipper of Makhleb the Destroyer
     5 | D        | Reached * piety under Makhleb
     5 | D        | Reached ** piety under Makhleb
     5 | D        | Noticed a meat berserker
     6 | D        | Killed a meat berserker
     7 | D        | Reached skill level 20 in Dodging
     7 | D        | Reached XP level 12. HP: 75/112 MP: 0/0
     7 | D        | Reached XP level 13. HP: 79/118 MP: 0/0
     7 | D        | Learned a level 5 spell: Yara's Violent Unravelling
     7 | D        | Killed a bag of meat
     7 | D        | Killed a bag of meat
     7 | D        | Noticed a bag of meat
     8 | D        | Reached skill level 10 in Axes
     8 | D        | Reached skill level 22 in Dodging
     8 | D        | Reached XP level 14. HP: 64/128 MP: 0/0
     8 | D        | Killed a meat berserker
     8 | D        | Reached *** piety under Makhleb
     9 | D        | Reached skill level 23 in Dodging
     9 | D        | Reached skill level 10 in Spellcasting
     9 | D        | Killed a bag of meat
     9 | D        | Killed a bag of meat
    10 | D        | Reached skill level 24 in Dodging
    10 | D        | Reached skill level 15 in Invocations
    10 | D        | Reached XP level 15. HP: 138/138 MP: 0/0
    10 | D        | Learned a level 6 spell: Summon Cactus Giant
    10 | D        | Noticed a meat berserker
    10 | D        | Noticed a meat berserker
    13 | D        | Reached **** piety under Makhleb
    14 | D        | Reached skill level 25 in Dodging
    14 | D        | Killed a meat berserker
    15 | D        | Reached skill level 15 in Axes
    15 | D        | Reached skill level 26 in Dodging
    15 | D        | Reached XP level 16. HP: 148/148 MP: 0/0
    15 | D        | Killed a meat berserker
    16 | D        | Reached ***** piety under Makhleb
    16 | D        | Noticed a meat berserker
    16 | D        | Noticed a meat berserker
    17 | D        | Reached skill level 27 in Dodging
    17 | D        | Reached XP level 17. HP: 157/157 MP: 0/0
    17 | D        | Learned a level 6 spell: Simulacrum
    18 | D        | Gained mutation: Your body sometimes deteriorates upon
                  | taking damage. [you]
    18 | D        | Slain by a meat berserker

Illustrated notes

Levels and vault maps discovered:
D:        meatsprint

Skill      XL: |  1  2  3  4  5  6  7  8  9 10 11 12 13 14 15 16 |
---------------+-------------------------------------------------+-----
Fighting       | 17 20 21 23 24 25 | 25.8
Axes           | 4 8 10 13 15 17 | 17.8
Dodging        | 18 20 22 24 26 27 | 27.0
Stealth        | 7 |  7.1
Spellcasting   | 6 9 11 13 14 | 14.9
Invocations    | 8 11 15 17 19 | 19.0
Unarmed Combat | |  3.0

Action                   |  1- 3 |  4- 6 |  7- 9 | 10-12 | 13-15 | 16-18 || total
-------------------------+-------+-------+-------+-------+-------+-------++-------
Melee: Executioner's axe |     1 |       |       |     1 |     5 |     2 ||     9
 Cast: Olgreb's Toxic Ra |       |       |       |       |       |     1 ||     1
       Yara's Violent Un |       |       |       |       |       |     1 ||     1
